 Dungeon Crawl Stone Soup version 0.18-a0-1180-g64ccc1e (console) character file.

5877 utis the Nimble (level 10, -6/60 HPs)
             Began as a Deep Elf Gladiator on Jan 27, 2016.
             Was a Priest of Vehumet.
             Mangled by a spiny frog (7 damage)
             ... on level 8 of the Dungeon.
             The game lasted 00:52:35 (14961 turns).

utis the Nimble (Deep Elf Gladiator)               Turns: 14961, Time: 00:52:35

Health: -6/60      AC: 12    Str: 12    XL:     10   Next: 52%
Magic:  21/25      EV: 16    Int: 19    God:    Vehumet [***...]
Gold:   585        SH:  0    Dex: 21    Spells: 7 memorised, 10 levels left

rFire  . . .     SeeInvis .     a - +1 dagger (elec) {=f}
rCold  . . .     Gourm    .     v - +0 scale mail
rNeg   . . .     Faith    .     (no shield)
rPois  .         Spirit   .     G - +2 helmet
rElec  +         Dismiss  .     (no cloak)
rCorr  .         Reflect  .     u - +1 pair of gloves
SustAt .         Harm     .     (no boots)
MR     ++...                    J - amulet of rage
Stlth  ..........               P - ring "Niwuic" {rElec Int+2 Dex+6, =R}
                                K - ring of protection from magic

@: lethally poisoned (-6 -> -8), very slightly contaminated, very resistant to
hostile enchantments, extremely unstealthy
A: no striking features
a: Renounce Religion, Evoke Berserk Rage


You were on level 8 of the Dungeon.
You worshipped Vehumet.
Vehumet was most pleased with you.
You were not hungry.

You visited 3 branches of the dungeon, and saw 11 of its levels.

You collected 585 gold pieces.

Inventory:

Hand Weapons
 a - a +1 dagger of electrocution (weapon) {=f}
 b - a +3 hunting sling
 c - a +0 blowgun
 M - a +1 quarterstaff
Missiles
 d - 4 throwing nets {=f}
 e - 136 sling bullets
 x - 4 tomahawks (quivered)
 Q - 33 poisoned needles
 S - 5 poisoned tomahawks
Armour
 u - a +1 pair of gloves (worn)
 v - a +0 scale mail (worn)
 G - a +2 helmet (worn)
Magical Staves
 X - an uncursed staff of fire
Jewellery
 j - an uncursed ring of ice
 o - an uncursed ring of resist corrosion
 r - an uncursed ring of poison resistance
 s - a +4 ring of dexterity
 z - an uncursed ring of fire
 H - an uncursed amulet of faith {!P}
 J - an amulet of rage (around neck)
 K - a ring of protection from magic (left hand)
 O - an uncursed ring of sustain attributes
 P - the ring "Niwuic" (right hand) {rElec Int+2 Dex+6, =R}
   (You found it on level 4 of the Dungeon)

   [ring of dexterity]

   It affects your intelligence (+2).
   It affects your dexterity (+6).
   It insulates you from electricity.
Wands
 F - a wand of lightning (10/15)
 T - a wand of invisibility (3/9)
 W - a wand of fireball (3/15)
Scrolls
 i - a scroll of amnesia
 m - a scroll of enchant weapon
 t - 3 scrolls of fear {!r}
 y - a scroll of recharging
 B - 2 scrolls of identify
 D - a scroll of remove curse
 I - a scroll of magic mapping
 U - a scroll of fog
 V - a scroll of teleportation {!r}
Potions
 h - 4 potions of curing
 k - a potion of agility
 l - 2 potions of resistance
 p - a potion of brilliance
 q - a potion of might
 A - 4 potions of flight
 C - a potion of heal wounds {unknown}
 E - a potion of cancellation {unknown}
 R - a potion of berserk rage {unknown}
Miscellaneous
 g - a phantom mirror
Comestibles
 f - 6 bread rations
 n - 2 royal jellies
 L - 3 fruits
 N - a beef jerky
 Y - a slice of pizza
 Z - 3 meat rations


   Skills:
 + Level 5.8 Fighting
 + Level 3.6 Short Blades
 - Level 5.7 Staves
 - Level 2.0 Throwing
 + Level 2.9 Armour
 + Level 9.8 Dodging
 - Level 9.0 Spellcasting
 - Level 4.7 Conjurations
 - Level 2.4 Necromancy
 - Level 4.8 Fire Magic


You had 10 spell levels left.
You knew the following spells:

 Your Spells              Type           Power        Failure   Level  Hunger
a - Flame Tongue          Conj/Fire      ####.        2%          1    None
b - Summon Butterflies    Summ           #.......     45%         1    None
A - Apportation           Tloc           #.........   45%         1    None
I - Invisibility          Hex            #.......     100%        6    ######.
X - Tukima's Dance        Hex            #.......     96%         3    None
Y - Dazzling Spray        Conj/Hex       ###.....     16%         3    None
Z - Corpse Rot            Necr           N/A          24%         2    None


Dungeon Overview and Level Annotations

Branches:
Dungeon (9/15)             Temple (1/1) D:4            Lair (1/8) D:8
    Orc (0/2) D:9

Altars:
Ashenzari
Cheibriados
Dithmenos
Elyvilon
Fedhas
Gozag
Kikubaaqudgha
Makhleb
Nemelex Xobeh
Okawaru
Pakellas
Qazlal
Ru
Sif Muna
Trog
Vehumet
Xom
Yredelemnul
Zin
The Shining One

Shops:
D:8 =

Annotations:
D:9 5 exclusions


Message History

You feel sick. The porcupine bites you.
You feel sick. The porcupine closely misses you. The spiny frog stings you!
* * * LOW HITPOINT WARNING * * *
There is a staircase back to the Dungeon here.
You feel sick.
The porcupine bites you but does no damage.
The spiny frog stings you.
* * * LOW HITPOINT WARNING * * *
You climb upwards.
Welcome back to the Dungeon!
You feel sick.
There is a staircase to the Lair here.
Unknown command.
You feel sick. The porcupine completely misses you. The spiny frog stings you!
* * * LOW HITPOINT WARNING * * *
The porcupine closely misses you.
Unknown command.
* * * LOW HITPOINT WARNING * * *
You feel sick.
* * * LOW HITPOINT WARNING * * *
You feel sick. The spiny frog stings you!
You die...

▓.........▓..▓..▓..▓..▓
▓.▓▓.▓.................
▓.▓▓......▓..▓..▓..▓..▓
▓.▓▓...................
▓.▓▓....▓▓▓▓▓▓▓▓▓▓▓▓▓▓▓
▓.▓▓...▓..▓.▓.▓+▓▓
▓................▓▓
▓▓▓▓▓..▓▓▓▓.▓.....▓▓
▓▓.e▓▓▓▓........▓▓
▓▓>.F▓.>▓.........▓▓▓
▓....r.>+.........'..
▓.................▓▓▓
▓.▓...▓▓▓........▓▓
▓.▓▓..▓ ▓▓......▓▓
▓.▓▓..▓ ▓.....▓▓
▓)▓▓..▓ ▓▓.▓+..▓
▓.▓▓..▓ ▓.▓.▓.▓


You could see a spiny frog and a porcupine.

Vanquished Creatures
  A wyvern (D:9)
  10 yaks
  2 hungry ghosts (D:9)
  A hippogriff (D:8)
  Menkaure (D:4)
  Duvessa (D:6)
  2 orc warriors
  3 ice beasts
  2 phantoms
  A sky beast (D:9)
  An eye of draining (D:9)
  2 necrophages
  3 ogres
  The ghost of derval the Charmwright, an amateur MfSk (D:3)
  2 centaurs (D:6)
  3 giant frogs
  A gnoll sergeant (D:7)
  Dowan (D:6)
  3 scorpions
  6 killer bees (D:7)
  4 troll zombies (D:9)
  4 electric eels (D:9)
  3 crimson imps
  2 jellies
  2 hounds
  An orc priest (D:5)
  2 iguanas
  3 orc wizards
  A giant frog skeleton (D:5)
  A centaur skeleton (D:4)
  Natasha (D:3)
  11 worker ants
  2 ogre zombies (D:9)
  Robin (D:4)
  8 gnolls
  5 adders
  8 shadow imps
  3 worms
  4 giant geckos
  25 orcs
  A ball python (D:2)
  8 giant cockroaches
  18 goblins
  12 hobgoblins
  14 jackals
  4 kobolds
  6 quokkas
  6 bats (D:1)
  A giant gecko skeleton (D:4)
  2 giant gecko zombies (D:5)
  3 giant newts (D:1)
  A goblin skeleton (D:9)
  2 goblin zombies (D:9)
  2 hobgoblin zombies (D:9)
  3 orc skeletons (D:9)
  11 orc zombies (D:9)
  2 quokka skeletons
  2 quokka zombies
  6 rats
242 creatures vanquished.

Notes
Turn   | Place    | Note
--------------------------------------------------------------
     0 | D:1      | utis the Deep Elf Gladiator began the quest for the Orb.
     0 | D:1      | Reached XP level 1. HP: 12/12 MP: 3/3
   329 | D:1      | Reached XP level 2. HP: 16/16 MP: 4/4
   614 | D:1      | Reached skill level 4 in Staves
  1061 | D:1      | Reached XP level 3. HP: 20/20 MP: 5/5
  1599 | D:2      | Found a faded altar to an unknown god.
  2141 | D:3      | Found a snail-covered altar of Cheibriados.
  2141 | D:3      | Noticed derval's ghost (amateur MfSk)
  2144 | D:3      | Killed derval's ghost
  2144 | D:3      | Reached skill level 5 in Staves
  2144 | D:3      | Reached XP level 4. HP: 25/25 MP: 6/6
  2183 | D:3      | Found a white marble altar of Elyvilon.
  2206 | D:3      | Found a sacrificial altar of Ru.
  2225 | D:3      | Reached XP level 5. HP: 29/29 MP: 7/7
  2646 | D:3      | Found a shadowy altar of Dithmenos.
  2660 | D:3      | Found an iron altar of Okawaru.
  2668 | D:3      | Noticed Natasha
  2689 | D:3      | Killed Natasha
  2926 | D:3      | Found an opulent altar of Gozag.
  3253 | D:4      | Reached skill level 1 in Armour
  3285 | D:4      | Noticed Robin
  3290 | D:4      | Killed Robin
  3473 | D:4      | Found a staircase to the Ecumenical Temple.
  3485 | D:4      | Noticed Menkaure
  3488 | Temple   | Entered the Ecumenical Temple
  3661 | D:4      | Killed Menkaure
  3661 | D:4      | Reached XP level 6. HP: 2/34 MP: 8/8
  4206 | D:4      | Got a transparent amber ring
  4268 | D:4      | Identified the ring "Niwuic" {rElec Int+2 Dex+6} (You found it on level 4 of the Dungeon)
  4543 | D:4      | Reached skill level 5 in Dodging
  4652 | D:5      | Entered Level 5 of the Dungeon
  4985 | D:5      | Reached XP level 7. HP: 38/38 MP: 9/9
  5844 | D:5      | Reached skill level 6 in Dodging
  6594 | D:6      | Noticed Dowan
  6618 | D:6      | Killed Dowan
  6713 | D:6      | Found a radiant altar of Vehumet.
  6736 | D:6      | Reached skill level 7 in Dodging
  6736 | D:6      | Reached XP level 8. HP: 31/46 MP: 10/10
  6920 | D:6      | Noticed Duvessa
  6943 | D:6      | Killed Duvessa
  7510 | D:6      | Became a worshipper of Vehumet
  7520 | D:6      | Reached skill level 8 in Dodging
  8028 | D:7      | Learned a level 2 spell: Corpse Rot
  8162 | D:7      | Reached skill level 5 in Fighting
  8163 | D:7      | Reached skill level 9 in Dodging
  8458 | D:5      | Reached XP level 9. HP: 54/54 MP: 11/11
  8745 | D:7      | Reached skill level 1 in Necromancy
  8753 | D:7      | Reached * piety under Vehumet
  8753 | D:7      | Offered knowledge of Flame Tongue by Vehumet.
  8813 | D:7      | Learned a level 1 spell: Flame Tongue
  9127 | D:7      | Found a bloodstained altar of Trog.
  9963 | D:8      | Reached skill level 1 in Conjurations
 10038 | D:8      | Reached skill level 1 in Fire Magic
 10167 | D:8      | Found Tikiv's Jewellery Emporium.
 10232 | D:8      | Found a staircase to the Lair.
 11124 | D:8      | Reached skill level 5 in Spellcasting
 11204 | D:9      | Found an oddly glowing altar of Pakellas.
 11609 | D:9      | Reached ** piety under Vehumet
 11609 | D:9      | Offered knowledge of Sting by Vehumet.
 12268 | D:9      | Learned a level 1 spell: Summon Butterflies
 12422 | D:9      | HP: 1/54 [troll zombie (8)]
 12426 | D:9      | Offered knowledge of Static Discharge by Vehumet.
 12898 | D:9      | Found a staircase to the Orcish Mines.
 12921 | D:9      | Reached XP level 10. HP: 55/59 MP: 25/25
 13024 | D:9      | Reached *** piety under Vehumet
 13103 | D:9      | HP: 2/59 [troll zombie (5)]
 13329 | D:8      | HP: 2/59 [yak (7)]
 13883 | D:9      | Offered knowledge of Dazzling Spray by Vehumet.
 13891 | D:9      | Learned a level 3 spell: Dazzling Spray
 14516 | D:9      | Learned a level 1 spell: Apportation
 14520 | D:9      | Learned a level 3 spell: Tukima's Dance
 14527 | D:9      | Learned a level 6 spell: Invisibility
 14946 | Lair:1   | Entered Level 1 of the Lair of Beasts
 14946 | Lair:1   | Noticed a spiny frog
 14958 | D:8      | HP: 3/60 [spiny frog (12)]
 14961 | D:8      | HP: 1/60 [poisoned by a spiny frog]
 14961 | D:8      | Mangled by a spiny frog

Vault maps used:
D:1:      dpeg_arrival_simpleton_a
D:2:      ecumenical_altar_2, minmay_misc_feat_encased
D:3:      cheibriados_altar_1, nicolae_overflow_quartered_altars,
          minmay_misc_feat_plants, st_stairs_7, elyvilon_altar_5, uniq_natasha
D:4:      minmay_temple_entry_purple_smoke, uniq_robin, uniq_menkaure
D:5:      first_bread
D:6:      kennysheep_little_box, uniq_duvessa
D:7:      old_standard_altar
D:8:      lair_0_dummy, serial_shops, nicolae_shop_waterfront, serial_glass,
          glass_columns_b, glass_columns_a, glass_columns_a, glass_columns_a,
          columned_hall_lemuel
D:9:      grunt_pakellas_basics, zombieorc1_lemuel, enter_bailey_3,
          disabler_island
Temple:   circular_temple_12

Action                   |  1- 3 |  4- 6 |  7- 9 | 10-12 || total
-------------------------+-------+-------+-------+-------++-------
Melee: Quarterstaff      |   116 |    73 |    13 |       ||   202
       Dagger            |       |    84 |   547 |   173 ||   804
 Fire: Blowgun           |       |     6 |    13 |       ||    19
       Hunting sling     |       |       |    28 |       ||    28
Throw: Stone             |    58 |    10 |    25 |       ||    93
       Tomahawk          |       |       |    27 |    13 ||    40
 Cast: Flame Tongue      |       |       |     1 |     7 ||     8
       Dazzling Spray    |       |       |       |     6 ||     6
Evoke: Wand              |       |       |     7 |       ||     7
  Use: Scroll            |     6 |     4 |    13 |     4 ||    27
       Potion            |     1 |     2 |       |     3 ||     6
 Stab: Invisible         |       |       |    14 |     1 ||    15
  Eat: Chunk             |     4 |     7 |    18 |     6 ||    35
       Pizza             |       |     1 |     1 |       ||     2
       Fruit             |       |       |     5 |     4 ||     9
       Beef jerky        |       |       |     1 |     1 ||     2
